 Dungeon Crawl Stone Soup version 0.31-a0-496-g6f97920a28 (webtiles) character file.

Game seed: 13171237931714438686

19 AstroCodex24 the Shield-Bearer (level 2, -1/23 HPs)
             Began as a Vampire Fighter on Aug 8, 2023.
             Slain by a gnoll
             ... wielding a +0 club
              (7 damage)
             ... on level 2 of the Dungeon.
             The game lasted 00:01:32 (466 turns).

AstroCodex24 the Shield-Bearer (Vampire Fighter)     Turns: 466, Time: 00:01:32

Health: -1/23      AC:  6    Str: 15    XL:     2   Next: 55%
Magic:  2/2        EV:  8    Int: 10    God:
Gold:   58         SH:  4    Dex: 13    Spells: 1/1 levels left

rFire   . . .        a - +0 war axe
rCold   . . .        c - +0 buckler
rNeg    . . .        b - +0 scale mail
rPois   .            (no helmet)
rElec   .            (no cloak)
rCorr   .            (no gloves)
SInv    +            (no boots)
Will    .....        (no amulet) Stlth
                     (no ring)
HPRegen 0.43/turn    (no ring)
MPRegen 0.08/turn

%: no passive effects
@: healing quickly
A: alive, fangs 3, see invisible, vampiric 1
a: Exsanguinate


You were on level 2 of the Dungeon.
You visited 1 branch of the dungeon, and saw 2 of its levels.

You collected 58 gold pieces.

Inventory:

Hand Weapons
 a - a +0 war axe (weapon)
Armour
 b - a +0 scale mail (worn)
 c - a +0 buckler (worn)
Jewellery
 f - a ring of fire
 g - an amulet of reflection
 j - a ring of wizardry
Scrolls
 e - a scroll of identify {unknown}
 h - 3 scrolls of torment {unknown}
 i - a scroll of enchant armour {unknown}
Potions
 d - a potion of might


   Skills:
 + Level 2.8 Fighting
 + Level 2.1 Axes
 + Level 2.7 Armour
 + Level 0.2 Dodging
 + Level 2.8 Shields


You had one spell level left.
You didn't know any spells.
Your spell library was empty.

Dungeon Overview and Level Annotations

Branches:
Dungeon (2/15)

Altars:


Innate Abilities, Weirdness & Mutations

Your natural rate of healing is accelerated.
You have razor-sharp teeth.
You have supernaturally acute eyesight. (SInv)
You are afflicted with vampirism.


Message History

The bat is heavily wounded.
You block the bat's attack. The dart slug launches a dart at you.
The slug dart misses you.
You slash the bat!
You kill the bat!
A ball python comes into view.
The ball python hisses angrily.
You hear a shout!
The dart slug barely misses you.
You slash the dart slug!
You kill the dart slug!
A gnoll comes into view. It is wielding a +0 halberd.
The gnoll shouts!
You hear a shout!
The ball python bites you but does no damage.
You block the ball python's attack.
You barely miss the ball python.
The ball python bites you but does no damage.
The ball python grabs you. The ball python constricts you.
The ball python bites you but does no damage.
The ball python constricts you.
You hit the ball python.
You kill the ball python!
A gnoll comes into view. It is wielding a +0 club.
The gnoll shouts!
The gnoll barely misses you.
The gnoll throws a throwing net.
The throwing net barely misses you.
Things that are here:
a throwing net; a ball python corpse The gnoll closely misses you.
A gnoll comes into view. It is wielding a +0 whip.
The gnoll shouts!
The gnoll barely misses you. The gnoll hits you with a +0 halberd!
You hit the gnoll.
The gnoll is moderately wounded.
You hit the gnoll. The gnoll barely misses you. The gnoll closely misses you.
Found a scroll labelled DOBESH OJETISH.
The gnoll hits you with a +0 halberd!
* * * LOW HITPOINT WARNING * * *
The gnoll hits you with a +0 club!
You die...

?..... .....# #.##
........ ... # ..
...# ... #. .. ...
#.# ...#. #.# #.#
.....#g#####.####...
#..#.@g...........
#.#...g...(..##
##.#.##.####..#
........####..#
##.#......##..#
#......#...###
#>...........#
#......#..##.#
#.........##.#


You could see 3 gnolls.

Vanquished Creatures
  A dart slug (D:2)
  3 bats
  A goblin (D:1)
  A hobgoblin (D:1)
  3 kobolds
  A quokka (D:1)
  A ball python (D:2)
  2 frilled lizards (D:1)
  6 rats
19 creatures vanquished.

Notes
Turn   | Place    | Note
-------+----------+-------------------------------------------
     0 | D:1      | AstroCodex24 the Vampire Fighter began the quest for the
                  | Orb.
     0 | D:1      | Reached XP level 1. HP: 17/17 MP: 1/1
   154 | D:1      | Reached XP level 2. HP: 23/23 MP: 2/2
   466 | D:2      | Slain by a gnoll

Illustrated notes

Levels and vault maps discovered:
D:1:      minmay_arrival_glassed_features, layout_rooms, serial_shops, shop,
          dreamdust_ecumenical_altar_grove
D:2:      layout_loops_ring, basic_altar, uniq_jessica

Skill      XL: |  1  2 |
---------------+-------+-----
Axes           | 2 |  2.1
Fighting       | |  2.8
Armour         | |  2.7
Dodging        | |  0.2
Shields        | |  2.8

Action                     || total
---------------------------++-------
  Melee: War axe           ||    55
         Bite              ||     4
 Armour: Scale mail        ||    34
  Dodge: Dodged            ||    43
  Block: Buckler           ||    16

Table legend: (Time is in decaauts)
 A = Elapsed time spent in this place.
 B = Non-inter-level travel time spent in this place.
 C = Inter-level travel time spent in this place.
 D = Time resting spent in this place.
 E = Time spent auto-exploring this place.
 F = Levels seen in this place.
 G = Mean time per level.
                   A        B        C        D        E       F      G
               +--------+--------+--------+--------+--------+-----+--------+
         Total |    490 |    484 |      6 |      0 |      0 |   2 |  245.0 |
       Dungeon |    490 |    484 |      6 |      0 |      0 |   2 |  245.0 |
               +--------+--------+--------+--------+--------+-----+--------+

Top non-repeatable levels by time:
     D:2: 256 daAuts
     D:1: 234 daAuts
